[Event "*** Titled Tuesday Blitz"]
[Site "Chess.com"]
[Date "2021.04.27"]
[Round "8"]
[White "Matols"]
[Black "DanielTitichoca"]
[Result "1-0"]
[WhiteElo "2269"]
[BlackElo "2370"]
[TimeControl "180+1"]
[EndTime "11:23:51 PDT"]
[Termination "Matols won by resignation"]

1. d4 Nf6 2. c4 c5 3. d5 e6 4. Nc3 exd5 5. cxd5 d6 6. e4 g6 7. h3 Bg7 8. Nf3 O-O 9. Bd3 Re8 10. O-O Na6 11. Re1 Nc7 12. Bf4 Rb8 13. a4 b6 14.
e5 Nfxd5 15. Bg5 Qd7 16. Nxd5 Ne6 17. Nf6+ Bxf6 18. Bxf6 Bb7 19. Bb5 Bc6 20. Bxc6 Qxc6 21. exd6 Qd7 22. Ne5 Qb7 23. d7 Rf8 24. Be7 Nf4 25.
Qf3 Qxf3 26. Nxf3 Ne6 27. Bxf8 Kxf8 1-0

[Event "*** Titled Tuesday Blitz"]
[Site "Chess.com"]
[Date "2021.04.27"]
[Round "8"]
[White "ShahMatKanal"]
[Black "retropwr"]
[Result "1-0"]
[WhiteElo "2422"]
[BlackElo "2247"]
[TimeControl "180+1"]
[EndTime "11:24:10 PDT"]
[Termination "ShahMatKanal won by resignation"]

1. Nf3 d6 2. d4 g6 3. g3 Bg7 4.
Bg2 Nd7 5. O-O e5 6. dxe5 dxe5 7. Nc3 Ne7 8. e4 O-O 9. Bg5 f6 10. Be3 Nb6 11. Qe2 Be6 12. Rfd1 Qc8 13. b3 Rd8 14.
Rxd8+ Qxd8 15. Rd1 Qe8 16. Nb5 Qc6 17. c4 a6 18. Nc3 Nd7 19. Nd5 Nc8 20. Nb4 Qxe4 21. Nd4 Qg4 22. f3 exd4 23. fxg4 dxe3 24. Nd5 Nd6 25.
Nxc7 1-0

[Event "*** Titled Tuesday Blitz"]
[Site "Chess.com"]
[Date "2021.04.27"]
[Round "8"]
[White "Pantata007"]
[Black "MIJuanReyesRosa"]
[Result "0-1"]
[WhiteElo "2301"]
[BlackElo "2062"]
[TimeControl "180+1"]
[EndTime "11:24:23 PDT"]
[Termination "MIJuanReyesRosa won by resignation"]

1. d4 e6 2. c4 a6 3. Nc3 c5 4. d5 exd5 5. cxd5 b5 6. e4 d6 7.
Nf3 Nf6 8. Bg5 h6 9. Bh4 Be7 10. Bd3 Nbd7 11. O-O O-O 12. Bg3 Nh5 13. Re1 Nxg3 14. hxg3 Bf6 15. Rc1 c4 16. Bb1 Re8 17.
Nd4 Ne5 18. a3 Qb6 19. Nce2 Bg4 20. Qd2 Nd3 21. Bxd3 Bxd4 22. Nxd4 Qxd4 23. Qf4 cxd3 0-1

[Event "*** Titled Tuesday Blitz"]
[Site "Chess.com"]
[Date "2021.04.27"]
[Round "8"]
[White "Smile2005"]
[Black "Lenyas66"]
[Result "0-1"]
[WhiteElo "2379"]
[BlackElo "2492"]
[TimeControl "180+1"]
[EndTime "11:24:30 PDT"]
[Termination "Lenyas66 won by resignation"]

1. Nf3 c5 2. g3 Nc6 3. Bg2 g6 4.
O-O Bg7 5. d3 d5 6. Nc3 Nf6 7.
e4 d4 8. Nb1 O-O 9. a4 h6 10.
Na3 Be6 11. b3 Qc8 12. Bd2 Bh3 13. Nc4 Bxg2 14. Kxg2 b6 15. Nh4 e5 16. Nf3 Qe6 17. h3 Nd7 18. Nh2 a6 19. Qg4 f5 20. exf5 gxf5 21.
Qe2 b5 22. axb5 axb5 23. Na5 Qd5+ 24. f3 Nxa5 25. Rxa5 Rxa5 26. Bxa5 Ra8 27. Bd2 Ra2 28. Bc1 Qxb3 29. Rf2 Qd5 30. g4 f4 31. h4 c4 32.
Qe4 Qxe4 33. fxe4 Nc5 34. dxc4 bxc4 35. Nf3 Nxe4 36. Re2 Nc3 0-1

[Event "*** Titled Tuesday Blitz"]
[Site "Chess.com"]
[Date "2021.04.27"]
[Round "8"]
[White "Jungle_Jaguar"]
[Black "guillembaches"]
[Result "1-0"]
[WhiteElo "2686"]
[BlackElo "2505"]
[TimeControl "180+1"]
[EndTime "11:24:32 PDT"]
[Termination "Jungle_Jaguar won on time"]

1. e4 c5 2. Nf3 d6 3. d4 cxd4 4. Nxd4 Nf6 5. Nc3 Nc6 6. Bc4 Bd7 7. O-O g6 8. Bb3 Bg7 9. Be3 Ng4 10. Nxc6 bxc6 11.
Bd4 e5 12. Be3 Qe7 13. Bd2 Be6 14. Ba4 Bd7 15. Bxc6 Nxf2 16. Bxd7+ 1-0

[Event "*** Titled Tuesday Blitz"]
[Site "Chess.com"]
[Date "2021.04.27"]
[Round "8"]
[White "shreyansshah123"]
[Black "sm_sharon"]
[Result "0-1"]
[WhiteElo "1690"]
[BlackElo "2147"]
[TimeControl "180+1"]
[EndTime "11:24:36 PDT"]
[Termination "sm_sharon won by resignation"]

1. d4 Nf6 2. Nf3 g6 3. Bf4 Bg7 4. e3 O-O 5. Bd3 d6 6. O-O Nbd7 7. Bg3 Qe8 8. e4 e5 9. d5 a5 10. a3 a4 11. Nc3 Nc5 12. Nd2 Nh5 13. Qe2 f5 14. f3 f4 15. Bf2 b6 16. Bb5 Qe7 17. Bc6 Rb8 18. b4 axb3 19. cxb3 Ba6 20.
Nc4 Nxb3 21. Rab1 Na5 22. Bb5 Bxb5 23. Rxb5 Nb7 24. Rfb1 Ra8 25. Qa2 Bf6 26. Qc2 Bh4 27.
Bxh4 Qxh4 28. Qf2 Qxf2+ 29. Kxf2 Kf7 30. Ke2 Ke7 31. Kd3 Kd7 32. Ne2 g5 33. h3 Nc5+ 34. Kc3 Ra4 35. R1b4 Rfa8 36. Nc1 Ng3 37. Nb3 Rxa3 38.
Kb2 Nd3+ 0-1

[Event "*** Titled Tuesday Blitz"]
[Site "Chess.com"]
[Date "2021.04.27"]
[Round "8"]
[White "politeplayer"]
[Black "Poghosyan_Suren"]
[Result "1-0"]
[WhiteElo "2250"]
[BlackElo "2328"]
[TimeControl "180+1"]
[EndTime "11:24:39 PDT"]
[Termination "politeplayer won by checkmate"]

1. e4 c5 2. c3 d5 3. exd5 Qxd5 4. d4 Nf6 5. Nf3 e6 6. Na3 cxd4 7. Nb5 Qd8 8.
Nbxd4 Be7 9. Bd3 h6 10. O-O O-O 11. Bf4 b6 12. Qd2 Nd5 13. Bxh6 f5 14. Bg5 Bb7 15. Rfe1 Bxg5 16. Nxg5 e5 17. Nde6 Qf6 18. Bc4 Ne7 19. Nxf8+ Kxf8 20. Qd8# 1-0

[Event "*** Titled Tuesday Blitz"]
[Site "Chess.com"]
[Date "2021.04.27"]
[Round "8"]
[White "InitiatingASC"]
[Black "MVM2008"]
[Result "0-1"]
[WhiteElo "2378"]
[BlackElo "2264"]
[TimeControl "180+1"]
[EndTime "11:24:44 PDT"]
[Termination "MVM2008 won by resignation"]

1. Nf3 c5 2. b3 d5 3. Bb2 Nc6 4. e3 Nf6 5. d4 cxd4 6. Nxd4 a6 7.
Be2 Qc7 8. O-O e5 9. Nxc6 bxc6 10. c4 Bd6 11. Nd2 e4 12. g3 Bh3 13. Re1 h5 14. cxd5 h4 15. Bxf6 hxg3 16. Nxe4 gxf2+ 17. Kxf2 gxf6 18. dxc6 Bc5 19. Nxf6+ Kf8 20. Nd7+ Bxd7 21. Qxd7 Qf4+ 22. Bf3 Rxh2+ 0-1

[Event "*** Titled Tuesday Blitz"]
[Site "Chess.com"]
[Date "2021.04.27"]
[Round "8"]
[White "DFeco"]
[Black "onnoelgersma"]
[Result "1-0"]
[WhiteElo "2300"]
[BlackElo "2448"]
[TimeControl "180+1"]
[EndTime "11:24:45 PDT"]
[Termination "DFeco won by resignation"]

1. c4 e6 2. g3 d5 3. Bg2 Nf6 4. Nf3 Be7 5. O-O O-O 6. d4 dxc4 7. Ne5 Nc6 8. Nxc6 bxc6 9. Na3 Bxa3 10. bxa3 Ba6 11. a4 Rb8 12. Ba3 Re8 13. Bxc6 Bb7 14. Bxe8 Qxe8 15. Qc2 Qc6 16. f3 Qd5 17. Rfd1 Qh5 18.
Qxc4 Bd5 19. Qxc7 Re8 20. Qf4 Qh3 21. e4 Bc4 22. Rac1 Nh5 23. Qg4 1-0

[Event "*** Titled Tuesday Blitz"]
[Site "Chess.com"]
[Date "2021.04.27"]
[Round "8"]
[White "Cambek64"]
[Black "H3nriqueTV"]
[Result "1-0"]
[WhiteElo "2485"]
[BlackElo "2315"]
[TimeControl "180+1"]
[EndTime "11:24:51 PDT"]
[Termination "Cambek64 won by resignation"]

1. e4 c5 2. Nc3 d6 3. Bc4 g6 4.
f4 Bg7 5. Nf3 e6 6. O-O Nc6 7.
d3 Nd4 8. a3 Ne7 9. Ba2 O-O 10.
Ne2 b5 11. Nexd4 cxd4 12. Bd2 a5 13. Qe1 Bb7 14. Qh4 Qc7 15. Rac1 d5 16. Rfe1 dxe4 17. dxe4 Rfe8 18. Ng5 h6 19. Nf3 Rac8 20. h3 Qb6 21.
Kh1 b4 22. a4 Bc6 23. Bb3 Qb7 24. f5 exf5 25. Bxh6 Bxe4 26. Ng5 Bxg2+ 27. Kg1 Bf6 28. Bxf7+ Kh8 1-0

[Event "*** Titled Tuesday Blitz"]
[Site "Chess.com"]
[Date "2021.04.27"]
[Round "8"]
[White "jraosam"]
[Black "Mazanchenko_Dmitry"]
[Result "1-0"]
[WhiteElo "1887"]
[BlackElo "2239"]
[TimeControl "180+1"]
[EndTime "11:24:53 PDT"]
[Termination "jraosam won on time"]

1. c4 g6 2. d4 Bg7 3. e4 d6 4. Nc3 Nc6 5. d5 Nd4 6. Nge2 e5 7. Nxd4 exd4 8. Nb5 c5 9. dxc6 bxc6 10. Nxd4 Qa5+ 11. Bd2 Qc5 12. Bc3 Ne7 13. Nb3 Bxc3+ 14. bxc3 Qe5 15. Qd4 O-O 16. Be2 f5 17. exf5 Qxf5 18. O-O d5 19.
cxd5 cxd5 20. Bf3 Bb7 21. Rfe1 Rae8 22. Qxa7 Qc8 23. Rad1 Rxf3 24. gxf3 Kg7 25. Qd4+ Kh6 26. Qh4+ Kg7 27. Rxe7+ 1-0

[Event "*** Titled Tuesday Blitz"]
[Site "Chess.com"]
[Date "2021.04.27"]
[Round "8"]
[White "Kolle05"]
[Black "AungTZ"]
[Result "1-0"]
[WhiteElo "2319"]
[BlackElo "2152"]
[TimeControl "180+1"]
[EndTime "11:24:57 PDT"]
[Termination "Kolle05 won by checkmate"]

1. e4 c5 2. Nf3 Nc6 3. d4 cxd4 4.
Nxd4 Nf6 5. Nc3 d6 6. Be3 Ng4 7.
Nxc6 bxc6 8. Bc1 Qb6 9. Qe2 a5 10. g3 h5 11. h3 Ba6 12. Qd2 Ne5 13. Be2 g6 14. Qe3 Qb7 15. O-O Nc4 16. Bxc4 Bxc4 17. Qd4 Bxf1 18. Qxh8 Bxh3 19. Bh6 O-O-O 20. Bxf8 Qxb2 21.
Rb1 Qxc2 22. Qd4 Kd7 23. Rb7+ Ke8 24. Bxe7 Rd7 25. Rxd7 Qc1+ 26. Kh2 Qf1 27. Rd8+ Kxe7 28. Qxd6# 1-0

[Event "*** Titled Tuesday Blitz"]
[Site "Chess.com"]
[Date "2021.04.27"]
[Round "8"]
[White "Jumbo"]
[Black "Gusarov91"]
[Result "1-0"]
[WhiteElo "2788"]
[BlackElo "2627"]
[TimeControl "180+1"]
[EndTime "11:24:58 PDT"]
[Termination "Jumbo won by resignation"]

1. d4 Nf6 2. c4 e6 3. g3 d5 4. Bg2 Bb4+ 5. Bd2 Be7 6. Nf3 O-O 7. O-O dxc4 8. Qc2 a6 9. Qxc4 b5 10. Qc2 Bb7 11. Rc1 Nc6 12. e3 Bd6 13. Ng5 h6 14. Nxe6 fxe6 15. Bxc6 Bxc6 16. Qxc6 e5 17. dxe5 Bxe5 18.
Qe6+ Kh8 19. Qxe5 Ng4 20. Qh5 Nxf2 21. Bc3 Qd6 22. Nd2 Nd3 23. Rf1 b4 24. Bd4 c5 25.
Ne4 Qc6 26. Nxc5 Rxf1+ 27. Rxf1 Nxc5 28. Qxc5 Qe4 29. Qe5 Qg4 30. Rf7 Rg8 31. Rxg7 Qd1+ 32. Kg2 Qe2+ 33. Kh3 Qf1+ 34. Kh4 1-0

[Event "*** Titled Tuesday Blitz"]
[Site "Chess.com"]
[Date "2021.04.27"]
[Round "8"]
[White "sorrm8thatscheckm8"]
[Black "WPWPWP-2015"]
[Result "1-0"]
[WhiteElo "2563"]
[BlackElo "2414"]
[TimeControl "180+1"]
[EndTime "11:24:59 PDT"]
[Termination "sorrm8thatscheckm8 won by resignation"]

1. d4 Nf6 2. c4 e6 3. Nf3 c5 4.
d5 exd5 5. cxd5 d6 6. e4 g6 7. Bd3 Bg7 8. h3 O-O 9. O-O Re8 10. Re1 Nfd7 11. Nbd2 Ne5 12. Nxe5 Bxe5 13. Nc4 Nd7 14.
Nxe5 Nxe5 15. Bc2 Qh4 16. f4 Nc4 17. b3 Nb6 18. Bb2 Bxh3 19. gxh3 Qg3+ 20. Kf1 Qxh3+ 21. Ke2 Qg2+ 22. Ke3 Nxd5+ 23. Qxd5 Qxc2 24. Re2 Rxe4+ 25. Qxe4 Qc3+ 26. Bxc3 1-0

[Event "*** Titled Tuesday Blitz"]
[Site "Chess.com"]
[Date "2021.04.27"]
[Round "8"]
[White "KetiGrant"]
[Black "Kildepiotr"]
[Result "1-0"]
[WhiteElo "2375"]
[BlackElo "2602"]
[TimeControl "180+1"]
[EndTime "11:25:03 PDT"]
[Termination "KetiGrant won by resignation"]

1. e4 g6 2. d4 Bg7 3. Nc3 c6 4. Be3 d5 5. Nf3 dxe4 6. Nxe4 Nf6 7. Nxf6+ Bxf6 8. Bh6 Bg4 9. c3 Nd7 10. h3 Be6 11.
Bd3 Qc7 12. O-O c5 13. Re1 cxd4 14. Nxd4 Bxd4 15. cxd4 Qd6 16. Qa4 a6 17. Rac1 Bd5 18. Bg7 Rg8 19. Be5 Qb6 20. Bc7 Qf6 21. Bb5 Be6 22. d5 Bf5 23. Rc3 Rc8 24. Be5 1-0

[Event "*** Titled Tuesday Blitz"]
[Site "Chess.com"]
[Date "2021.04.27"]
[Round "8"]
[White "TomasKapitanchuk"]
[Black "A-S-00"]
[Result "1-0"]
[WhiteElo "2527"]
[BlackElo "2322"]
[TimeControl "180+1"]
[EndTime "11:25:03 PDT"]
[Termination "TomasKapitanchuk won on time"]

1. e4 c5 2. Nf3 e6 3. d4 cxd4 4.
Nxd4 a6 5. c4 Nf6 6. Nc3 d6 7.
Be2 g6 8. Be3 Bg7 9. Qd2 Nbd7 10. O-O O-O 11. Rfd1 Re8 12. Nb3 Bf8 13. c5 dxc5 14.
e5 Nd5 15. Ne4 Nxe5 16. Bxc5 Bxc5 17. Nbxc5 b6 18. Qd4 bxc5 19. Qxe5 f6 20. Qg3 Qe7 21. Bc4 Bb7 22. Nd6 Red8 23. Nxb7 Qxb7 24. Re1 Qc6 25. h4 Re8 26. h5 Kf7 27. Rac1 Nb6 28. Bd3 1-0

[Event "*** Titled Tuesday Blitz"]
[Site "Chess.com"]
[Date "2021.04.27"]
[Round "8"]
[White "profofchess"]
[Black "Piotrek1979"]
[Result "0-1"]
[WhiteElo "2469"]
[BlackElo "2357"]
[TimeControl "180+1"]
[EndTime "11:25:04 PDT"]
[Termination "Piotrek1979 won by resignation"]

1. e4 c5 2. Nf3 Nc6 3. Bb5 d6 4.
Bxc6+ bxc6 5. e5 f6 6. exd6 exd6 7. O-O d5 8. Re1+ Kf7 9. d3 Bd6 10. Nbd2 Ne7 11. h3 Ng6 12. Nb3 h5 13. Be3 d4 14.
Bd2 Be6 15. c3 Qd7 16. cxd4 Bxh3 17. gxh3 Qxh3 18. dxc5 Nh4 19. Nxh4 Bh2+ 20. Kh1 Bg3+ 21. Kg1 Qh2+ 0-1

[Event "*** Titled Tuesday Blitz"]
[Site "Chess.com"]
[Date "2021.04.27"]
[Round "8"]
[White "kakorrhaphiophobie"]
[Black "david_alex"]
[Result "0-1"]
[WhiteElo "2292"]
[BlackElo "2122"]
[TimeControl "180+1"]
[EndTime "11:25:06 PDT"]
[Termination "david_alex won by resignation"]

1. d4 Nf6 2. c4 e6 3. Nf3 d5 4.
Nc3 Nbd7 5. Bf4 dxc4 6. e3 a6 7. Bxc4 b5 8. Bd3 Bb7 9. O-O c5 10. a4 b4 11. Nb1 cxd4 12. exd4 Nb6 13. a5 Nbd5 14. Bg3 Bd6 15. Qa4+ Qd7 16. Qxd7+ Kxd7 17.
Bxd6 Kxd6 18. Nbd2 Rhc8 19. Nc4+ Ke7 20. Nfe5 Rc7 21. h3 Nf4 22. g3 Nxd3 23. Nxd3 Rxc4 24. Nc5 Bd5 25. Rfd1 Rc2 26. b3 Ne4 27. Nxe4 Bxe4 28.
Ra4 Rb8 0-1

[Event "*** Titled Tuesday Blitz"]
[Site "Chess.com"]
[Date "2021.04.27"]
[Round "8"]
[White "KuzubovYuriy"]
[Black "WildBizon"]
[Result "1-0"]
[WhiteElo "2860"]
[BlackElo "2661"]
[TimeControl "180+1"]
[EndTime "11:25:11 PDT"]
[Termination "KuzubovYuriy won by checkmate"]

1. d4 Nf6 2. Nf3 b6 3. g3 Bb7 4. Bg2 g6 5. c4 Bg7 6. O-O O-O 7.
d5 Ne4 8. Nd4 Nd6 9. b3 c5 10.
Nc2 Bxa1 11. Nxa1 b5 12. e4 f6 13. Bf4 bxc4 14. Bxd6 exd6 15. bxc4 Qa5 16. Nc2 Qxa2 17. Ne3 Qb2 18. h4 a5 19. h5 a4 20. Qg4 Kf7 21.
hxg6+ hxg6 22. Qh4 Kg7 23. Na3 Qxa3 24. Ng4 Qb2 25.
Qh6+ Kf7 26. Qh7+ Ke8 27. Qxg6+ Kd8 28. e5 dxe5 29. Rb1 Qd4 30. Qg7 Re8 31. Qxf6+ Kc8 32. Qb6 Ba6 33. d6 e4 34. Qc7# 1-0

[Event "*** Titled Tuesday Blitz"]
[Site "Chess.com"]
[Date "2021.04.27"]
[Round "8"]
[White "suyu28"]
[Black "superchess02"]
[Result "0-1"]
[WhiteElo "2632"]
[BlackElo "2791"]
[TimeControl "180+1"]
[EndTime "11:25:11 PDT"]
[Termination "superchess02 won by resignation"]

1. d4 Nf6 2. c4 e6 3. Nf3 b6 4. Nc3 Bb7 5. a3 Be7 6. Bg5 O-O 7. Bxf6 Bxf6 8. e4 d6 9. Bd3 Nd7 10. Qe2 c5 11. d5 Bxc3+ 12. bxc3 exd5 13. cxd5 Bxd5 14. O-O Re8 15. Rad1 Nf6 16. Nd2 Bc6 17. c4 d5 18.
cxd5 Nxd5 19. Qf3 Nf6 20. Rfe1 Qc7 21. Qh3 Rad8 22. f4 Qxf4 23. Rf1 Qg4 24. Qe3 Nd5 25. Qf2 Nf4 0-1

[Event "*** Titled Tuesday Blitz"]
[Site "Chess.com"]
[Date "2021.04.27"]
[Round "8"]
[White "MFguimaraes"]
[Black "pastouche06"]
[Result "0-1"]
[WhiteElo "2436"]
[BlackElo "2572"]
[TimeControl "180+1"]
[EndTime "11:25:11 PDT"]
[Termination "pastouche06 won by resignation"]

1. e4 c6 2. Bc4 d5 3. Bb3 dxe4 4.
Qh5 g6 5. Qh4 Bf5 6. f3 exf3 7.
Nxf3 e6 8. Qxd8+ Kxd8 9. O-O Ke8 10. d4 Nd7 11. Nc3 Ngf6 12. h3 h5 13. Bf4 Be7 14. Rae1 Kf8 15. Ne5 Kg7 16. Bg5 Nxe5 17. dxe5 Nd5 18.
Bxe7 Nxe7 19. Ne4 Bxe4 20. Rxe4 Rad8 21. Ref4 Rhf8 22. Kh2 Nf5 23. Rb4 Rd7 24. g4 hxg4 25. hxg4 Rd2+ 26. Kg1 Ne3 27. Rf3 Rg2+ 0-1

[Event "*** Titled Tuesday Blitz"]
[Site "Chess.com"]
[Date "2021.04.27"]
[Round "8"]
[White "Darius321"]
[Black "zurzan"]
[Result "1-0"]
[WhiteElo "2294"]
[BlackElo "2024"]
[TimeControl "180+1"]
[EndTime "11:25:14 PDT"]
[Termination "Darius321 won by resignation"]

1. e4 g6 2. h4 c6 3. h5 Bg7 4. d4 h6 5. hxg6 fxg6 6. Qg4 g5 7. Bxg5 d5 8. Qh5+ Kf8 9. Qf3+ Ke8 10. Be3 dxe4 11. Qxe4 Nf6 12. Qg6+ Kf8 13. Bc4 Nd5 14. Bxh6 Bxh6 15. Rxh6 Rxh6 16. Qxh6+ Ke8 17. Nf3 Qa5+ 18. Nbd2 Nd7 19. Qh8+ Kf7 20. O-O-O Nf6 21. Ne5+ Ke6 22. Ndf3 Kd6 23. Bb3 b5 24. c4 bxc4 25. Nxc4+ 1-0

[Event "*** Titled Tuesday Blitz"]
[Site "Chess.com"]
[Date "2021.04.27"]
[Round "8"]
[White "dodorox"]
[Black "Steegersee"]
[Result "1-0"]
[WhiteElo "2129"]
[BlackElo "2185"]
[TimeControl "180+1"]
[EndTime "11:25:18 PDT"]
[Termination "dodorox won on time"]

1. d4 Nf6 2. c4 e6 3. Nc3 Bb4 4. Bd2 O-O 5. e3 b6 6. Rc1 Bb7 7. Nf3 Bxc3 8. Bxc3 Ne4 9. Bd3 f5 10. O-O d6 11. b4 Nd7 12. Bb2 Qe7 13. Nd2 Nxd2 14.
Qxd2 e5 15. c5 1-0

[Event "*** Titled Tuesday Blitz"]
[Site "Chess.com"]
[Date "2021.04.27"]
[Round "8"]
[White "ErikRonka"]
[Black "GMJustin"]
[Result "1-0"]
[WhiteElo "2467"]
[BlackElo "2300"]
[TimeControl "180+1"]
[EndTime "11:25:26 PDT"]
[Termination "ErikRonka won on time"]

1. d4 Nf6 2. c4 e6 3. Nc3 Bb4 4. a3 Bxc3+ 5. bxc3 O-O 6. f3 Ne8 7. e4 b6 8. a4 Nc6 9. Bd3 Na5 10. Ba3 d6 11. f4 c5 12. Nf3 Ba6 13. Qe2 Rc8 14. e5 f5 15. d5 dxe5 16. fxe5 exd5 17. cxd5 Bxd3 18. Qxd3 c4 19. Qd1 Nb3 20. Ra2 Nc5 21. O-O Nc7 22. Bxc5 bxc5 23. d6 Ne6 24. Qd5 Qd7 25.
Ng5 Rce8 26. Rb2 Kh8 27. Rb7 1-0

[Event "*** Titled Tuesday Blitz"]
[Site "Chess.com"]
[Date "2021.04.27"]
[Round "8"]
[White "Mihnea2017"]
[Black "mbojan"]
[Result "0-1"]
[WhiteElo "2478"]
[BlackElo "2651"]
[TimeControl "180+1"]
[EndTime "11:25:28 PDT"]
[Termination "mbojan won by checkmate"]

1. e4 g6 2. d4 Bg7 3. Nc3 d6 4.
f4 a6 5. Nf3 b5 6. Bd3 Nd7 7.
Be3 Bb7 8. e5 Rc8 9. Ne4 Nh6 10.
c3 O-O 11. Qe2 Nb6 12. h3 Nd5 13. Bd2 c5 14. g4 cxd4 15. cxd4 f5 16. Neg5 Qd7 17.
e6 Qc6 18. gxf5 Nxf5 19. Rc1 Qxc1+ 20. Bxc1 Rxc1+ 21. Kf2 Rxh1 22. Bxf5 Rxf5 23. Qc2 Rxf4 24. Kg3 Rf1 25. Nh4 Bxd4 26. Nxg6 Bf2+ 27. Kh2 Rh1+ 28. Kxh1 Ne3+ 29. Kh2 Nf1# 0-1

[Event "*** Titled Tuesday Blitz"]
[Site "Chess.com"]
[Date "2021.04.27"]
[Round "8"]
[White "Skat2704"]
[Black "KonstantinB_1983"]
[Result "1-0"]
[WhiteElo "2683"]
[BlackElo "2504"]
[TimeControl "180+1"]
[EndTime "11:25:32 PDT"]
[Termination "Skat2704 won by checkmate"]

1. d4 Nf6 2. c4 b6 3. Nf3 Bb7 4. Nc3 d5 5. cxd5 Nxd5 6. e3 Nd7 7. Bd3 Nxc3 8. bxc3 e6 9. O-O Be7 10. e4 O-O 11. Re1 c5 12. Bf4 cxd4 13. cxd4 Bb4 14. Re2 Rc8 15. Qa4 Bc3 16. Rd1 Ba5 17. Bd6 Bc6 18. Qb3 Re8 19. Ba6 Ra8 20. Rc1 Bxe4 21. Rxe4 Nf6 22. Bc7 Qd7 23. Re2 Nd5 24. Be5 f6 25.
Bb5 Qe7 26. Bxe8 fxe5 27. Bc6 Rc8 28. Nxe5 Nf4 29. Rec2 Qg5 30. g3 Ne2+ 31. Rxe2 Qxc1+ 32. Kg2 Rxc6 33. Nxc6 Qxc6+ 34. Qf3 Qd7 35. Qe4 Kf7 36. Qxh7 Qxd4 37. Re3 b5 38. Rd3 Qe5 39. Rd7+ Kf8 40.
Qh8# 1-0

[Event "*** Titled Tuesday Blitz"]
[Site "Chess.com"]
[Date "2021.04.27"]
[Round "8"]
[White "Harry_Rakkel"]
[Black "chessdjw"]
[Result "0-1"]
[WhiteElo "2603"]
[BlackElo "2738"]
[TimeControl "180+1"]
[EndTime "11:25:35 PDT"]
[Termination "chessdjw won by resignation"]

1. e4 e5 2. Nc3 Nf6 3. Bc4 Nc6 4. d3 Na5 5. Qf3 Nxc4 6. dxc4 Bb4 7. Ne2 h6 8. h3 d6 9. b3 O-O 10. Bb2 Nh7 11.
g4 Ng5 12. Qg2 Qf6 13. O-O-O Qf3 14. Qh2 Bc5 15. h4 Ne6 16. Rhg1 Qxf2 17. Rg2 Qe3+ 18. Kb1 Nf4 19. Bc1 Qf3 20. Nxf4 exf4 21. Nd5 Qxd1 22. g5 f3 23. Rd2 Qe1 24. gxh6 Ba3 0-1

[Event "*** Titled Tuesday Blitz"]
[Site "Chess.com"]
[Date "2021.04.27"]
[Round "8"]
[White "Andrakhanova"]
[Black "kritipatel"]
[Result "1-0"]
[WhiteElo "2287"]
[BlackElo "1770"]
[TimeControl "180+1"]
[EndTime "11:25:37 PDT"]
[Termination "Andrakhanova won by checkmate"]

1. c4 e6 2. g3 Nf6 3. Bg2 d5 4. b3 Be7 5. Bb2 O-O 6. Nf3 c5 7. cxd5 exd5 8. d4 Nc6 9. O-O b6 10. Nbd2 Bg4 11. Rc1 Rc8 12. h3 Be6 13. e3 Nb4 14.
dxc5 bxc5 15. Ne5 Nxa2 16. Ra1 Nb4 17. Rxa7 Ra8 18. Rxa8 Qxa8 19. Qe2 Bc8 20. Ra1 Qb8 21.
Bc3 Ba6 22. Rxa6 Nxa6 23. Qxa6 Rd8 24. Nc6 Qc7 25. Ba5 Qd7 26. Bxd8 Bxd8 27. Qa8 g6 28. Qxd8+ Qxd8 29. Nxd8 Kg7 30. Nb7 c4 31. bxc4 dxc4 32. Nxc4 Nd7 33. f4 f5 34. Ne5 Nf6 35. Nd8 Kh6 36.
Ndf7+ Kh5 37. Bf3+ Ng4 38. hxg4+ fxg4 39. Bxg4# 1-0

[Event "*** Titled Tuesday Blitz"]
[Site "Chess.com"]
[Date "2021.04.27"]
[Round "8"]
[White "dennisodessa"]
[Black "chessmachine14"]
[Result "1-0"]
[WhiteElo "2436"]
[BlackElo "2270"]
[TimeControl "180+1"]
[EndTime "11:25:38 PDT"]
[Termination "dennisodessa won on time"]

1. d4 d5 2. c4 c6 3. Nf3 Nf6 4. Nbd2 e6 5. e3 c5 6. Bd3 Nc6 7. O-O Be7 8. b3 O-O 9. dxc5 Bxc5 10. Bb2 d4 11. exd4 Nxd4 12. Ne4 Nxe4 13. Bxe4 Nxf3+ 14. Qxf3 Qg5 15. Bxb7 Bxb7 16. Qxb7 Qd2 17. Be5 f6 18. Qc6 Bb6 19. Qxe6+ Kh8 20. Bg3 Rfe8 21. Qd5 Qb2 22. c5 Rad8 23. Qc4 Rc8 24. b4 a5 25. a3 Bd8 26. c6 Bb6 27. bxa5 Bxa5 28. h3 h6 29. Rfb1 Qd2 30. Rd1 Qb2 31. a4 Qb6 32. c7 Qb2 33. Rac1 1-0

[Event "*** Titled Tuesday Blitz"]
[Site "Chess.com"]
[Date "2021.04.27"]
[Round "8"]
[White "paulrusan"]
[Black "canary2016"]
[Result "1-0"]
[WhiteElo "2216"]
[BlackElo "1990"]
[TimeControl "180+1"]
[EndTime "11:25:38 PDT"]
[Termination "paulrusan won by checkmate"]

1. e4 c5 2. b4 cxb4 3. Bb2 Nc6 4. d4 e6 5. d5 exd5 6. exd5 Qe7+ 7. Be2 Ne5 8. Nd2 Nf6 9. Ngf3 Nxf3+ 10. Nxf3 g6 11. O-O Bg7 12. d6 Qd8 13. Bc4 O-O 14. Re1 b6 15.
Re7 Bb7 16. Ng5 Rc8 17. Bxf7+ Kh8 18. Bb3 Rc5 19. Nf7+ Rxf7 20. Bxf7 Bd5 21. Bxf6 Bxf6 22. Re8+ Qxe8 23. Bxe8 Bxa1 24. Qxa1+ Kg8 25. Bxd7 Rxc2 26. Ba4 Rxa2 27. Qxa2 Bxa2 28. d7 b3 29. d8=Q+ Kg7 30. Qe7+ Kh6 31. Bxb3 Bxb3 32. Qe3+ Kg7 33. Qc3+ Kh6 34.
Qxb3 Kh5 35. Qa4 a5 36. Qb5+ Kh6 37. Qxb6 Kh5 38. Qxa5+ Kh4 39. h3 h5 40. Kh2 g5 41.
g3# 1-0

[Event "*** Titled Tuesday Blitz"]
[Site "Chess.com"]
[Date "2021.04.27"]
[Round "8"]
[White "MITerryble"]
[Black "VladDobrov"]
[Result "1-0"]
[WhiteElo "2897"]
[BlackElo "2729"]
[TimeControl "180+1"]
[EndTime "11:25:49 PDT"]
[Termination "MITerryble won by resignation"]

1. e4 d5 2. exd5 Qxd5 3. Nc3 Qd6 4. Nb5 Qd8 5. Bc4 c6 6. Nc3 Nf6 7. d3 e6 8. Nf3 b5 9. Bb3 a5 10. a4 b4 11. Ne2 Nbd7 12. d4 Ba6 13. O-O Nb6 14.
Re1 Nbd5 15. Nf4 Bd6 16. Nd3 O-O 17. Bg5 h6 18. Bh4 Be7 19. Nfe5 Rc8 20. Nc5 Bxc5 21. dxc5 Qe7 22. Bxd5 cxd5 23. c6 g5 24. Bg3 Ne4 25.
Qh5 Kg7 26. Ng4 Rh8 27. Rxe4 dxe4 28. Be5+ Kg8 29. Bxh8 Kxh8 30. Qxh6+ 1-0

[Event "*** Titled Tuesday Blitz"]
[Site "Chess.com"]
[Date "2021.04.27"]
[Round "8"]
[White "CraiggoryC"]
[Black "Keks2017"]
[Result "0-1"]
[WhiteElo "2235"]
[BlackElo "2474"]
[TimeControl "180+1"]
[EndTime "11:25:51 PDT"]
[Termination "Keks2017 won by resignation"]

1. e4 c5 2. Nf3 d6 3. d4 cxd4 4.
Nxd4 Nf6 5. Nc3 a6 6. Bc4 e6 7. O-O b5 8. Bb3 Be7 9. Qf3 Bb7 10. Bxe6 fxe6 11. Nxe6 Qc8 12. Nd5 Bxd5 13. exd5 Kf7 14. Ng5+ Kg8 15. Re1 Bf8 16. Bf4 Nbd7 17. Re6 h6 18.
Ne4 Nxe4 19. Qxe4 Nc5 20. Qg6 Nxe6 21. dxe6 Ra7 22. Re1 Qd8 23. Re3 Qf6 24. Qg3 Qxb2 25. h4 Qd4 26. Rd3 Qe4 27. Re3 Qxc2 28. Bxd6 Qd1+ 0-1